 Dungeon Crawl Stone Soup version 0.27-a0-1287-gca74d27db6 (webtiles) character file.

Game seed: 13733151210794610532

1 Goblin1989 the Sneak (level 1, -5/18 HPs)
             Began as a Demonspawn Delver on June 14, 2021.
             Killed from afar by Blork the orc (6 damage)
             ... with a puff of frost
             ... on level 5 of the Dungeon.
             The game lasted 00:00:38 (48 turns).

Goblin1989 the Sneak (Demonspawn Delver)              Turns: 48, Time: 00:00:38

Health: -5/18      AC:  3    Str: 12    XL:     1   Next: 16%
Magic:  1/1        EV: 11    Int: 11    God:
Gold:   26         SH:  0    Dex: 14    Spells: 0/0 levels left

rFire    . . .     SeeInvis .   a - +0 short sword
rCold    . . .     Faith    .   (no shield)
rNeg     . . .     Spirit   .   b - +0 leather armour
rPois    .         Reflect  .   (no helmet)
rElec    .         Harm     .   (no cloak)
rCorr    .         Rampage  .   (no gloves)
Will     .....                  (no boots)
Stlth    ++........             (no amulet)
HPRegen  0.06/turn              (no ring)
MPRegen  0.07/turn              (no ring)

@: no status effects
A: no striking features
a: no special abilities


You were on level 5 of the Dungeon.
You visited 1 branch of the dungeon, and saw 1 of its levels.

You collected 26 gold pieces.

Inventory:

Hand Weapons
 a - a +0 short sword (weapon)
Armour
 b - a +0 leather armour (worn)
Wands
 g - a wand of digging (3) {@v1}
Scrolls
 c - a scroll of fog
 e - a scroll of fear
 M - a scroll of magic mapping
Potions
 f - a potion of haste {@q3,}


   Skills:
 - Level 3.0 Fighting
 * Level 1.8 Short Blades
 - Level 1.7 Dodging
 - Level 4.5 Stealth
 + Level 0.1 Evocations


You couldn't memorise any spells.
You didn't know any spells.
Your spell library was empty.

Dungeon Overview and Level Annotations

Branches:
Dungeon (5/15)
 Temple: D:4-7

Altars:

Annotations:
D:5 Blork the orc


Message History

You become a ghost!
Welcome, Goblin1989 the Demonspawn Delver.
Will you prevail where others failed? Will you find the Orb of Zot?
Press ? for a list of commands and other information.
Found a stone staircase leading down.
Found 11 gold pieces.
Sorry, you're not good enough to have a special ability.
A quokka comes into view.
You see here 11 gold pieces.
You now have 11 gold pieces.
The helpless quokka fails to defend itself.
You puncture the quokka!
You kill the quokka!
You see here a quokka corpse.
Found 15 gold pieces.
You now have 26 gold pieces (gained 15).
Found 15 bolts.
You see here 15 bolts.
Blork the orc comes into view.
He is wielding a +0 dire flail.
Found 12 gold pieces.
Blork the orc shouts!
Blork the orc closely misses you.
You hit Blork the orc.
Blork the orc is lightly wounded.
Blork the orc gestures at you while chanting.
The puff of frost hits you!
You take 8 damage, and have 10/18 hp.
MASSIVE DAMAGE!!
You hit Blork the orc.
Blork the orc is moderately wounded.
Blork the orc closely misses you.
You closely miss Blork the orc.
Blork the orc is moderately wounded.
Blork the orc hits you with a +0 dire flail!
Ouch! That really hurt!
* * * LOW HITPOINT WARNING * * *
You take 9 damage, and have 1/18 hp.
MASSIVE DAMAGE!!
You hit Blork the orc.
Blork the orc is moderately wounded.
Blork the orc mumbles some strange words.
Blork the orc seems to speed up.
Blork the orc barely misses you.
You see here 15 bolts.
Blork the orc points at you and mumbles some strange words.
The puff of frost hits you.
You die...

..█ ...██ █$█ █.█.█
..... ... ...█ █...
█.█ █..█ █... ██.█
█..█ ..█ ..█
█████.████.█ █.█
████.......██.████.█
█..............@(o.█
█.......>..█████████
█....█....██
█....█....███
█....█......█
█....█....█.█
█.█████████.█
█.█.......█.█
█.█.......█.█


You could see Blork the orc (fast).

Vanquished Creatures
  A quokka (D:5)
1 creature vanquished.

Notes
Turn   | Place    | Note
-------+----------+-------------------------------------------
     0 | D:5      | Goblin1989 the Demonspawn Delver began the quest for the
                  | Orb.
     0 | D:5      | Reached XP level 1. HP: 18/18 MP: 1/1
    40 | D:5      | Noticed Blork the orc
    48 | D:5      | Killed from afar by Blork the orc

Illustrated notes

Levels and vault maps discovered:
D:5:      kennysheep_spiral_hall, layout_basic, minmay_crystal_room,
          uniq_blork_the_orc

Action                   || total
-------------------------++-------
Melee: Short sword       ||     5
 Stab: Sleeping          ||     1
Dodge: Dodged            ||     3

Table legend: (Time is in decaauts)
 A = Elapsed time spent in this place.
 B = Non-inter-level travel time spent in this place.
 C = Inter-level travel time spent in this place.
 D = Time resting spent in this place.
 E = Time spent auto-exploring this place.
 F = Levels seen in this place.
 G = Mean time per level.
                   A        B        C        D        E       F      G
               +--------+--------+--------+--------+--------+-----+--------+
         Total |     48 |     48 |      0 |      0 |      0 |   1 |   48.0 |
       Dungeon |     48 |     48 |      0 |      0 |      0 |   1 |   48.0 |
               +--------+--------+--------+--------+--------+-----+--------+

Top non-repeatable levels by time:
     D:5: 48 daAuts
